 Dungeon Crawl Stone Soup version 0.28.0-43-g3370ac3207 (webtiles) character file.

Game seed: 16377332720228388353

4122 smarlow the Magician (level 10, -6/77 HPs)
             Began as a Djinni Conjurer on Mar 3, 2022.
             Was a Priest of Ashenzari.
             Shot with an arrow by a centaur warrior (23 damage)
             ... on level 8 of the Dungeon.
             The game lasted 00:19:28 (9991 turns).

smarlow the Magician (Djinni Conjurer)              Turns: 9991, Time: 00:19:29

Health: -6/77      AC:  5    Str:  6    XL:     10   Next: 51%
Gold:   404        EV: 12    Int: 24    God:    Ashenzari [***...] SH:  0 Dex: 12

rFire   + + +      SeeInvis +   k - +2 mace of Ashenzari's Blue Moon {protect, Melee, Fort} (curse)
rCold   + . .      Faith    .   (no shield)
rNeg    . . .      Spirit   .   a - +0 robe "Cynicism of Ashenzari" {Range, Evo} (curse)
rPois   ∞          Reflect  .   h - +0 helmet of the Ruined Stars {Self, Melee} (curse)
rElec   .          Harm     .   j - scarf {rC+ rF+}
rCorr   .          Rampage  .   q - +0 pair of gloves "Gloom of the Welkin" {Melee, Fort} (curse)
Will    +....      Clarity  +   (boots unavailable)
Stlth   ++........              n - amulet of the acrobat
HPRegen 0.22/turn               e - ring of protection from cold
MPRegen 0.00/turn               (no ring)

@: flying
A: sickness immunity, fire resistance 2, cold vulnerability 1, float, innate
caster, HP casting, extra vitality 1
a: Renounce Religion, Shatter the Chains


You were on level 8 of the Dungeon.
You worshipped Ashenzari.
Ashenzari was most pleased with you.
You visited 1 branch of the dungeon, and saw 8 of its levels.

You collected 404 gold pieces.

Inventory:

Hand Weapons
 k - the cursed +2 mace of Ashenzari's Blue Moon (weapon) {protect, Melee, Fort}
   (You found it on level 3 of the Dungeon)

   It grants its wielder temporary protection when it strikes (+7 to AC).
   It has a curse which improves the following skills: Melee Combat: Short
   Blades, Long Blades, Axes, Maces & Flails, Polearms, Staves and Unarmed
   Combat.
   Fortitude: Armour and Shields.
Missiles
 m - 2 throwing nets
Armour
 a - the cursed +0 robe "Cynicism of Ashenzari" (worn) {Range, Evo}

   It has a curse which improves the following skills: Ranged Combat: Slings,
   Bows, Crossbows and Throwing.
   Evocations: Evocations.
 h - the cursed +0 helmet of the Ruined Stars (worn) {Self, Melee}
   (You found it on level 4 of the Dungeon)

   It has a curse which improves the following skills: Introspection: Fighting
   and Spellcasting.
   Melee Combat: Short Blades, Long Blades, Axes, Maces & Flails, Polearms,
   Staves and Unarmed Combat.
 j - a scarf of resistance (worn)
 q - the cursed +0 pair of gloves "Gloom of the Welkin" (worn) {Melee, Fort}
   (You found it on level 5 of the Dungeon)

   It has a curse which improves the following skills: Melee Combat: Short
   Blades, Long Blades, Axes, Maces & Flails, Polearms, Staves and Unarmed
   Combat.
   Fortitude: Armour and Shields.
 w - a scarf of invisibility
Jewellery
 e - a ring of protection from cold (left hand)
 n - an amulet of the acrobat (around neck)
Wands
 i - a wand of mindburst (6)
 r - a wand of charming (4)
 u - a wand of polymorph (7)
Scrolls
 c - 2 scrolls of brand weapon
 d - 2 scrolls of enchant weapon
 f - 2 scrolls of fear
 s - a scroll of silence
 v - 2 scrolls of enchant armour
Potions
 b - 6 potions of curing
 g - a potion of heal wounds
 l - a potion of haste
 o - a potion of brilliance
 t - 2 potions of might
 x - a potion of ambrosia


   Skills:
 * Level 6.9(8.6) Fighting
 + Level 5.6(8.0) Armour
 - Level 2.1 Dodging
 + Level 3.7 Stealth
 + Level 3.5(5.7) Shields
 * Level 7.9(9.5) Spellcasting
 + Level 3.7(5.2) Evocations


You had 5 spell levels left.
You knew the following spells:

 Your Spells              Type           Power      Damage    Failure   Level
a - Magic Dart            Conj           100%       1d8       1%          1
b - Searing Ray           Conj           100%       2d8       1%          2
c - Dazzling Flash        Conj/Hex       100%       N/A       1%          3
d - Fulminant Prism       Conj/Hex       27%        3d14      1%          4
e - Iskenderun's Mystic   Conj/Tloc      55%        2d12      1%          4
f - Animate Skeleton      Necr           100%       N/A       1%          1
g - Poisonous Vapours     Pois/Air       100%       N/A       1%          2
h - Ignite Poison         Fire/Tmut/Pois 55%        N/A       1%          3
i - Spider Form           Tmut/Pois      55%        N/A       1%          3
Your spell library was empty.

Dungeon Overview and Level Annotations

Branches:
Dungeon (8/15)             Temple (0/1) D:4
   Lair: D:8-11

Altars:
Ashenzari
Dithmenos
Kikubaaqudgha
Qazlal
Trog
Zin

Shops:
D:3 [

Annotations:
D:3 1 runed translucent door, Crazy Yiuf


Innate Abilities, Weirdness & Mutations

You are immune to sickness and miasma.
You are immune to poison.
Your flesh is very heat resistant. (rF++)
You are vulnerable to cold. (rC-)
You float through the air rather than walking.
You learn spells naturally, not from books.
Your magical power is your life essence.
You have superior vitality. (+4 MHP)


Message History

The blast of energy engulfs the two-headed ogre!
The two-headed ogre is moderately wounded.
You hear a shout!
You hear a roar!
Casting: Fulminant Prism (dangerous; 1% risk of failure)
Confirm with . or Enter, or press ? or * to list all spells.
Aiming: Searing Ray (safe; 1% risk of failure)
Press: ? - help, Shift-Dir - straight line, f - two-headed ogre
Aim: a two-headed ogre, wielding a +0 giant club and a +0 giant spiked club (moderately wounded, 92% to hit)
The searing ray misses the two-headed ogre. (Press . to maintain the ray.)
Casting: Searing Ray (safe; 1% risk of failure)
Confirm with . or Enter, or press ? or * to list all spells.
You erupt in a blast of force!
The mystic blast hits the two-headed ogre!
The two-headed ogre is heavily wounded.
The two-headed ogre is knocked back by the mystic blast.
Casting: Iskenderun's Mystic Blast (dangerous; 1% risk of failure)
Confirm with . or Enter, or press ? or * to list all spells.
Aiming: Searing Ray (safe; 1% risk of failure)
Press: ? - help, Shift-Dir - straight line, f/p - two-headed ogre
Aim: a two-headed ogre, wielding a +0 giant club and a +0 giant spiked club (heavily wounded, 92% to hit)
The searing ray hits the two-headed ogre!
The two-headed ogre is severely wounded. (Press . to maintain the ray.)
A centaur warrior comes into view. It is wielding a staff of air.
The searing ray hits the two-headed ogre!
The two-headed ogre is almost dead.
The searing ray hits the centaur warrior!
The centaur warrior is lightly wounded.
Casting: Searing Ray (safe; 1% risk of failure)
Confirm with . or Enter, or press ? or * to list all spells.
You erupt in a blast of force!
The mystic blast hits the two-headed ogre!!
You kill the two-headed ogre!
The centaur warrior wields a +0 shortbow.
The centaur warrior shoots an arrow.
The arrow hits you!!
* * * LOW HITPOINT WARNING * * *
A deep elf pyromancer comes into view. It is wielding a +0 flail.
The centaur warrior shoots an arrow.
The arrow hits you!!
You die...

#.....#.#<#####...... ,
#...###.#.....#.###..
#)....#.....#.#...... ≈
#.......###.#.#......
** *
###.....#.###.#.#.###..
, #.......#.....#...# *
# , *
####.############## * *
#.....# * ∆,∆ * , ,
#)♣♣♣@# , { { ,≈ * ,,,
#.♣ ♣)# ≈, ≈≈ *, ,*
#.♣♣♣.#* ≈ , , ,
#..*ec# ,** , * * *
##♣†♣## * ,* * * ♣♣.♣
*** * >, , ♣†♣♣ * , ,
** ♣♣.♣♣ ≈ * ,* ♣..♣#*


You could see a centaur warrior and a deep elf pyromancer.

Vanquished Creatures
  2 two-headed ogres
  An ugly thing (D:8)
  A troll (D:5)
  4 wyverns (D:8)
  A vampire mosquito (D:8)
  2 water moccasins (D:8)
  3 sky beasts
  A black bear (D:4)
  2 ice beasts (D:7)
  A centaur (D:6)
  A necrophage (D:6)
  2 bullfrogs
  A wyvern zombie (D:7)
  3 scorpions
  5 killer bees
  5 electric eels (D:7)
  A howler monkey (D:8)
  2 centaur zombies
  2 hounds
  2 orc priests (D:7)
  A centaur skeleton (D:7)
  A gnoll shaman (D:7)
  An iguana (D:6)
  2 orc wizards
  A hound skeleton (D:4)
  3 gnolls (D:7)
  6 adders
  2 shadow imps
  2 white imps
  2 ufetubi (D:4)
  A worm (D:2)
  2 dart slugs (D:2)
  13 orcs
  7 endoplasms
  4 giant cockroaches
  6 goblins
  11 hobgoblins
  4 quokkas
  9 ball pythons
  6 bats
  6 frilled lizards
  9 kobolds
  7 rats
148 creatures vanquished.

Vanquished Creatures (others)
  13 fulminant prisms
  48 plants
61 creatures vanquished.

Grand Total: 209 creatures vanquished

Notes
Turn   | Place    | Note
-------+----------+-------------------------------------------
     0 | D:1      | smarlow the Djinni Conjurer began the quest for the Orb.
     0 | D:1      | Reached XP level 1. HP: 15/15 MP: 0/0
   206 | D:1      | Reached XP level 2. HP: 15/21 MP: 0/0
   664 | D:1      | Reached XP level 3. HP: 23/25 MP: 0/0
   664 | D:1      | Learned a level 1 spell: Animate Skeleton
   856 | D:1      | Reached skill level 4 in Spellcasting
  1125 | D:1      | Found a faded altar of an unknown god.
  1617 | D:2      | Reached XP level 4. HP: 28/31 MP: 0/0
  2498 | D:3      | Found a runed translucent door.
  2499 | D:3      | Noticed Crazy Yiuf
  2697 | D:3      | Found Temon's Antique Armour Boutique.
  2936 | D:3      | Reached XP level 5. HP: 22/36 MP: 0/0
  2936 | D:3      | Learned a level 2 spell: Poisonous Vapours
  3504 | D:4      | Reached skill level 1 in Armour
  3577 | D:4      | Reached skill level 1 in Fighting
  3641 | D:4      | Found a glowing silver altar of Zin.
  4042 | D:4      | Found a stormy altar of Qazlal.
  4043 | D:4      | Found a broken altar of Ashenzari.
  4299 | D:4      | Became a worshipper of Ashenzari the Shackled
  4354 | D:4      | Found a staircase to the Ecumenical Temple.
  4376 | D:4      | Noticed a black bear
  4388 | D:4      | Killed a black bear
  4389 | D:4      | Reached skill level 5 in Spellcasting
  4389 | D:4      | Reached XP level 6. HP: 39/43 MP: 0/0
  4535 | D:5      | Entered Level 5 of the Dungeon
  4541 | D:5      | Noticed a troll
  4550 | D:5      | Noticed a sky beast
  4562 | D:5      | Killed a troll
  4563 | D:5      | Reached XP level 7. HP: 8/49 MP: 0/0
  4563 | D:5      | Learned a level 3 spell: Ignite Poison
  5914 | D:6      | Reached skill level 6 in Spellcasting
  5914 | D:6      | Reached XP level 8. HP: 31/56 MP: 0/0
  6638 | D:6      | Reached * piety under Ashenzari
  7014 | D:6      | Found a bloodstained altar of Trog.
  7429 | D:5      | Identified the Reference Book on Arcane Weapons and Clay
  7431 | D:5      | Identified the Reference Book on Arcane Weapons and Clay
  7589 | D:7      | Reached ** piety under Ashenzari
  7671 | D:7      | Found a shadowy altar of Dithmenos.
  7876 | D:7      | Reached skill level 1 in Evocations
  7899 | D:7      | Noticed a two-headed ogre
  7900 | D:7      | Reached XP level 9. HP: 37/63 MP: 0/0
  7900 | D:7      | Learned a level 3 spell: Spider Form
  7908 | D:7      | Reached skill level 1 in Shields
  8224 | D:7      | Killed a two-headed ogre
  8225 | D:7      | Reached skill level 5 in Fighting
  8225 | D:7      | Reached skill level 7 in Spellcasting
  8880 | D:7      | Reached skill level 5 in Armour
  9312 | D:7      | Reached *** piety under Ashenzari
  9510 | D:8      | Reached XP level 10. HP: 66/76 MP: 0/0
  9754 | D:8      | Noticed a red ugly thing
  9760 | D:8      | Killed a red ugly thing
  9983 | D:8      | Noticed a two-headed ogre
  9989 | D:8      | Noticed a centaur warrior
  9991 | D:8      | Killed a two-headed ogre
  9991 | D:8      | Noticed a deep elf pyromancer
  9991 | D:8      | Shot with an arrow by a centaur warrior

Illustrated notes

Levels and vault maps discovered:
D:1:      tarquinn_simple_flora_water_e, layout_rooms,
          hellmonk_ecumenical_altar_inner_sanctum, minmay_pentomino_s4
D:2:      layout_loops_ring, minmay_circle_x
D:3:      layout_loops_ring, serial_shops, shop, uniq_crazy_yiuf_cottage
D:4:      layout_rooms, gammafunk_temple_overflow_statue,
          mainiacjoe_overflow_alcove_1, minmay_temple_entry_nine_rooms,
          dk_noncrumbling_2, hangedman_decor_clover_reticule
D:5:      layout_basic, hangedman_decor_opposing
D:6:      layout_loops_corners, mainiacjoe_overflow_chevrons
D:7:      layout_basic, mainiacjoe_overflow_concentric_impassable,
          grunt_dithmenos_smoke, chequers_big_river,
          nicolae_figureground_sparkle
D:8:      nzn_winding_woodlands_large [nzn_winding_woodlands_5x5_checkerboard,
          nzn_winding_woodlands_5x15_pockets, nzn_winding_woodlands_5x5_three,
          nzn_winding_woodlands_center_triple_pond,
          nzn_winding_woodlands_15x15_five_gardens,
          nzn_winding_woodlands_center_lodge,
          nzn_winding_woodlands_5x5_perimeter,
          nzn_winding_woodlands_5x15_crooked, nzn_winding_woodlands_5x5_cross],
          layout_basic, ebering_ghost_funeral_grove, minmay_statues_item,
          chequers_serial_rivers_room_b

Skill      XL: |  1  2  3  4  5  6  7  8  9 10 |
---------------+-------------------------------+-----
Spellcasting   | 4 5 6 7 |  7.9
Armour         | 1 2 3 4 5 |  5.6
Fighting       | 1 2 3 4 6 |  6.9
Evocations     | 1 2 3 |  3.7
Stealth        | 3 |  3.7
Shields        | 2 3 |  3.5
Dodging        | |  2.1

Action                   |  1- 3 |  4- 6 |  7- 9 | 10-12 || total
-------------------------+-------+-------+-------+-------++-------
 Cast: Magic Dart        |    84 |    95 |    99 |     7 ||   285
       Iskenderun's Myst |       |     6 |    26 |    21 ||    53
       Fulminant Prism   |       |     3 |     6 |     4 ||    13
       Searing Ray       |       |     1 |    20 |     6 ||    27
Invok: Curse Item        |       |       |     4 |       ||     4
  Use: Potion            |       |     1 |       |       ||     1
       Scroll            |       |       |     4 |       ||     4
Armor: Robe              |       |     1 |     2 |       ||     3
Dodge: Dodged            |     5 |    28 |    44 |     6 ||    83
